 Dungeon Crawl Stone Soup version 0.26-a0-648-g87339cca5e (webtiles) character file.

Game seed: 3473037857821124947

1360 Descartes the Conjurer (level 8, 0/41 HPs)
             Began as a Deep Elf Conjurer on Sept 25, 2020.
             Was an Initiate of Gozag.
             Slain by an orc warrior
             ... wielding a +0 long sword
              (16 damage)
             ... on level 5 of the Dungeon.
             The game lasted 00:19:48 (7222 turns).

Descartes the Conjurer (Deep Elf Conjurer)          Turns: 7222, Time: 00:19:50

Health: 0/41       AC:  8    Str:  4    XL:     8   Next: 37%
Magic:  17/26      EV: 14    Int: 26    God:    Gozag
Gold:   720        SH:  5    Dex: 13    Spells: 1/17 levels left

rFire    . . .     SeeInvis .   C - +5 scimitar (curse)
rCold    . . .     Faith    .   e - +0 buckler
rNeg     + . .     Spirit   .   D - +2 robe {rN+}
rPois    .         Reflect  .   l - +0 helmet
rElec    .         Harm     .   x - +0 cloak
rCorr    .         Rampage  .   q - +0 pair of gloves
MR       .....                  i - +0 pair of boots
Stlth    +++.......             z - amulet of the acrobat
HPRegen  0.13/turn              h - ring of magical power
MPRegen  0.20/turn              (no ring)

@: no status effects
A: no striking features
a: Potion Petition, Call Merchant, Bribe Branch, Renounce Religion


You were on level 5 of the Dungeon.
You worshipped Gozag.
Gozag was pleased with you.
You visited 2 branches of the dungeon, and saw 7 of its levels.

You collected 1055 gold pieces.
You spent 300 gold pieces at shops.
You paid 35 gold pieces to Gozag.

Inventory:

Hand Weapons
 C - a cursed +5 scimitar (weapon)
Missiles
 c - 193 stones (quivered)
 r - 34 poisoned darts
 t - 122 arrows
 v - 8 boomerangs
Armour
 e - a +0 buckler (worn)
 i - a +0 pair of boots (worn)
 l - a +0 helmet (worn)
 q - a +0 pair of gloves (worn)
 x - a +0 cloak (worn)
 D - a +2 robe of positive energy (worn)
Jewellery
 h - a ring of magical power (left hand)
 z - an amulet of the acrobat (around neck)
Wands
 u - a wand of random effects (24)
 w - a wand of paralysis (6)
 A - a wand of polymorph (5)
 B - a wand of iceblast (4)
Scrolls
 b - 7 scrolls of teleportation
 d - 2 scrolls of immolation {unknown}
 f - a scroll of enchant weapon {unknown}
 g - 4 scrolls of remove curse
 k - a scroll of identify
 n - 4 scrolls of fog {unknown}
 s - a scroll of amnesia {unknown}
 y - a scroll of random uselessness {unknown}
Potions
 a - a potion of mutation {unknown}
 j - 4 potions of haste
 m - a potion of resistance
 o - a potion of berserk rage
 p - 3 potions of curing
 E - a potion of heal wounds {unknown}


   Skills:
 - Level 5.0 Dodging
 - Level 5.0 Stealth
 - Level 4.0 Shields
 - Level 5.0 Spellcasting
 + Level 6.7 Conjurations
 + Level 0.2 Hexes
 + Level 3.6 Translocations
 + Level 3.3 Evocations


You had one spell level left.
You knew the following spells:

 Your Spells              Type           Power        Failure   Level
a - Magic Dart            Conj           ####         1%          1
b - Blink                 Tloc           N/A          2%          2
c - Conjure Flame         Conj/Fire      ###.....     6%          3
d - Mephitic Cloud        Conj/Pois/Air  ###.....     10%         3
e - Dazzling Flash        Conj/Hex       ###...       5%          3
f - Iskenderun's Mystic   Conj/Tloc      ####....     9%          4

Your spell library contained the following spells:

 Spells                   Type           Power        Failure   Level
 Searing Ray              Conj           #####.       1%          2
 Slow                     Hex            #.......     11%         2
 Call Imp                 Summ           #.......     12%         2
 Fulminant Prism          Conj/Hex       ###.......   19%         4


Dungeon Overview and Level Annotations

Branches:
Dungeon (6/15)             Temple (1/1) D:4

Altars:
Ashenzari
Cheibriados
Dithmenos
Elyvilon
Fedhas
Gozag
Hepliaklqana
Kikubaaqudgha
Makhleb
Nemelex Xobeh
Okawaru
Qazlal
Ru
Sif Muna
Trog
Uskayaw
Vehumet
Wu Jian
Xom
Yredelemnul
Zin
The Shining One

Shops:
D:2 *   D:4 (*}(:


Message History

The orc warrior hits you with a +0 long sword.
Casting: Magic Dart (safe; 1% risk of failure)
Confirm with . or Enter, or press ? or * to list all spells.
Aiming: Magic Dart (safe; 1% risk of failure)
Press: ? - help, Shift-Dir - straight line, f/p - orc warrior
Aim: an orc warrior, wielding a +0 long sword and wearing a +0 chain mail (moderately wounded)
The magic dart hits the orc warrior.
The orc warrior is heavily wounded.
You block the orc warrior's attack.
Unknown command.
Casting: Magic Dart (safe; 1% risk of failure)
Confirm with . or Enter, or press ? or * to list all spells.
Aiming: Magic Dart (safe; 1% risk of failure)
Press: ? - help, Shift-Dir - straight line, f/p - orc warrior
Aim: an orc warrior, wielding a +0 long sword and wearing a +0 chain mail (heavily wounded)
The magic dart hits the orc warrior but does no damage.
The orc warrior is heavily wounded.
The orc warrior hits you with a +0 long sword!
You die...
Your body crumbles into a pile of gold.

#### ..######### ..........#
##.#####.## ###### ######
##.#####.# #....# #....###
##....##.# #....###.##....
####..#.##########........###...
######.........o.##.....#####....
...# ###.#######@##..#..# #....
..######.## ###.......#### #....
.......<..####....####....# #....
#.#####.#.##...##.# #.##.# #....
..# #.#.....##..####<...# ##...
.## ##.####......##....### #....
## #..>#...........#.## ###.... #
#.....##..........# #...... #
#....##..#.....#### ##.#....


You could see an orc warrior.

Vanquished Creatures
  Sigmund (D:2)
  2 ogres
  3 wights (D:6)
  A hound (D:4)
  A jelly (D:5)
  A centaur skeleton (D:4)
  5 orc priests
  3 orc wizards
  4 iguanas
  Terence (D:2)
  8 worker ants
  A hound zombie (D:5)
  A hound skeleton (D:5)
  10 adders
  A shadow imp (D:6)
  A white imp (D:5)
  An ufetubus (D:5)
  2 oozes
  3 adder skeletons
  A worm (D:3)
  5 dart slugs
  4 leopard geckos
  17 orcs
  7 bats
  3 giant cockroaches
  7 goblins
  5 hobgoblins
  15 jackals
  3 quokkas
  4 ball pythons
  4 frilled lizards
  4 kobolds
  10 rats
139 creatures vanquished.

Notes
Turn   | Place    | Note
-------+----------+-------------------------------------------
     0 | D:1      | Descartes the Deep Elf Conjurer began the quest for the
                  | Orb.
     0 | D:1      | Reached XP level 1. HP: 10/10 MP: 6/6
   119 | D:1      | Reached XP level 2. HP: 15/15 MP: 2/8
   795 | D:1      | Reached XP level 3. HP: 19/19 MP: 5/10
  1096 | D:2      | Found an opulent altar of Gozag.
  1097 | D:2      | Found Gozag's Platinum Reserve.
  1110 | D:2      | Became a worshipper of Gozag Ym Sagoz the Greedy
  1189 | D:2      | Noticed Terence
  1198 | D:2      | Killed Terence
  1198 | D:2      | Reached XP level 4. HP: 16/24 MP: 1/11
  1265 | D:2      | Reached skill level 1 in Shields
  1359 | D:2      | Noticed Sigmund
  1367 | D:2      | Killed Sigmund
  1367 | D:2      | Reached skill level 5 in Conjurations
  1367 | D:2      | Reached XP level 5. HP: 28/28 MP: 3/13
  2042 | D:3      | Reached XP level 6. HP: 32/32 MP: 14/14
  2901 | D:4      | Found Nah Yfui's Book Emporium.
  2924 | D:4      | Reached skill level 5 in Spellcasting
  2933 | D:4      | Bought a book of Minor Magic for 200 gold pieces
  2936 | D:4      | Learned a level 2 spell: Blink
  3022 | D:4      | Found Guymmuah's Antique Weapon Boutique.
  3026 | D:4      | Found Fami's General Store.
  3039 | D:4      | Bought a scroll of identify for 20 gold pieces
  3039 | D:4      | Bought a scroll of remove curse for 30 gold pieces
  3039 | D:4      | Bought a scroll of identify for 20 gold pieces
  3039 | D:4      | Bought a scroll of teleportation for 30 gold pieces
  3069 | D:4      | Reached XP level 7. HP: 35/36 MP: 10/16
  3191 | D:4      | Found a burning altar of Makhleb.
  3223 | D:4      | Found Noekhleps's Gadget Shoppe.
  3231 | D:4      | Found Terin's Weapon Shoppe.
  3723 | D:4      | Reached skill level 1 in Translocations
  3797 | D:4      | Reached skill level 5 in Stealth
  3838 | D:4      | Found a staircase to the Ecumenical Temple.
  4075 | Temple   | Entered the Ecumenical Temple
  4363 | D:5      | Entered Level 5 of the Dungeon
  4427 | D:5      | Found a white marble altar of Elyvilon.
  4506 | D:5      | Learned a level 3 spell: Conjure Flame
  4510 | D:5      | Learned a level 3 spell: Mephitic Cloud
  4578 | D:5      | Reached skill level 1 in Evocations
  5215 | D:6      | Reached skill level 5 in Dodging
  5239 | D:6      | Reached skill level 6 in Conjurations
  5461 | D:6      | Reached XP level 8. HP: 41/41 MP: 17/17
  6683 | D:6      | Learned a level 3 spell: Dazzling Flash
  6688 | D:6      | Learned a level 4 spell: Iskenderun's Mystic Blast
  7222 | D:5      | Slain by an orc warrior

Illustrated notes

Levels and vault maps discovered:
D:1:      ncdulo_wetmaze, layout_loops_ring
D:2:      layout_rooms, grunt_ministairs_13, nicolae_gozag_zags_fifth_avenue,
          uniq_terence, uniq_sigmund
D:3:      layout_rooms
D:4:      layout_rooms, bloody_makhleb, temple_green, serial_shops, shop, shop,
          nicolae_shop_trees, kennysheep_little_box, shop,
          minmay_increasing_density
D:5:      layout_rooms, basic_altar
D:6:      kennysheep_windowed_halls, layout_rooms
Temple:   nicolae_temple_the_god_donut

Skill      XL: |  1  2  3  4  5  6  7  8 |
---------------+-------------------------+-----
Stealth        | 3 4 5 |  5.0
Dodging        | 3 4 5 |  5.0
Shields        | 2 3 4 |  4.0
Spellcasting   | 4 5 |  5.0
Conjurations   | 5 6 |  6.7
Translocations | 2 3 |  3.6
Evocations     | 2 3 |  3.3
Hexes          | |  0.2

Action                   |  1- 3 |  4- 6 |  7- 9 || total
-------------------------+-------+-------+-------++-------
 Cast: Magic Dart        |    61 |   137 |   291 ||   489
       Blink             |       |       |     6 ||     6
       Dazzling Flash    |       |       |     2 ||     2
  Use: Scroll            |       |     4 |     1 ||     5
Armor: Robe              |       |     4 |     9 ||    13
Dodge: Dodged            |     4 |    19 |    43 ||    66
Block: Buckler           |       |     6 |    14 ||    20
       Rpst.: Scimitar   |       |       |     6 ||     6

Table legend: (Time is in decaauts)
 A = Elapsed time spent in this place.
 B = Non-inter-level travel time spent in this place.
 C = Inter-level travel time spent in this place.
 D = Time resting spent in this place.
 E = Time spent auto-exploring this place.
 F = Levels seen in this place.
 G = Mean time per level.
                   A        B        C        D        E       F      G
               +--------+--------+--------+--------+--------+-----+--------+
         Total |   7232 |   6939 |    293 |    100 |   5635 |   7 | 1033.1 |
       Dungeon |   6981 |   6704 |    277 |    100 |   5402 |   6 | 1163.5 |
        Temple |    250 |    234 |     16 |      0 |    233 |   1 |  250.0 |
               +--------+--------+--------+--------+--------+-----+--------+

Top non-repeatable levels by time:
     D:6: 1728 daAuts
     D:4: 1381 daAuts
     D:5: 1132 daAuts
     D:1: 1103 daAuts
     D:2: 943 daAuts
     D:3: 691 daAuts
  Temple: 250 daAuts
